 Dungeon Crawl Stone Soup version 0.29.0-4-gdea44cf6ec (webtiles) character file.

Game seed: 15512748461311688313

12663 qw the Blocker (level 11, 0/84 HPs)
             Began as a Demonspawn Cinder Acolyte on Sept 9, 2022.
             Was an Initiate of Ignis.
             Killed from afar by an electric eel (8 damage)
             ... with a bolt of electricity
             ... on level 1 of the Lair of Beasts.
             The game lasted 00:04:24 (8767 turns).

qw the Blocker (Demonspawn Cinder Acolyte)          Turns: 8767, Time: 00:04:25

Health: 0/84       AC: 25    Str: 18    XL:     11   Next: 65%
Magic:  21/21      EV:  3    Int: 17    God:    Ignis [......]
Gold:   221        SH: 15    Dex:  8    Spells: 12/12 levels left

rFire   + . .      SeeInvis +   Y - +1 war axe
rCold   . . .      Faith    .   f - +0 tower shield
rNeg    . . .      Spirit   .   p - +5 plate armour
rPois   +          Reflect  .   j - +2 helmet
rElec   .          Harm     .   (no cloak)
rCorr   .          Rampage  .   (no gloves)
Will    .....                   d - +1 pair of boots of Pathos {Regen+ MP+9}
Stlth   ..........              e - amulet of regeneration
HPRegen 1.84/turn               i - ring of poison resistance
MPRegen 0.17/turn               k - ring of see invisible

@: no status effects
A: icy blue scales 2, icemail 1, condensation shield, weakness stinger 1
a: Renounce Religion, Rising Flame


You were on level 1 of the Lair of Beasts.
You worshipped Ignis.
Ignis was noncommittal.
You visited 2 branches of the dungeon, and saw 11 of its levels.

You collected 513 gold pieces.
You spent 292 gold pieces at shops.


Innate Abilities, Weirdness & Mutations

You are mostly covered in icy blue scales. (AC +3)
A meltable icy envelope protects you from harm. (AC +0)
A meltable shield of frost defends you. (SH +0)
You have a small tail.


   Skills:
 - Level 7.1 Fighting
 + Level 10.8 Axes
 - Level 1.8 Throwing
 - Level 5.0 Armour
 - Level 1.5 Dodging
 - Level 11.0 Shields
 - Level 1.0 Spellcasting
 - Level 2.6 Fire Magic


You had 12 spell levels left.
You didn't know any spells.
Your spell library contained the following spells:

 Spells                   Type           Power      Damage    Failure   Level
 Scorch                   Fire           18%        2d5       100%        2

Inventory:

Hand Weapons
 s - a +0 hand axe of flaming
 Y - a +1 war axe (weapon)
Missiles
 q - 5 boomerangs (quivered)
Armour
 d - the +1 pair of boots of Pathos (worn) {Regen+ MP+9}
   (You acquired it on level 8 of the Dungeon)

   MP:        It affects your magic capacity (+9).
   Regen:     It increases your rate of health regeneration.
 f - a +0 tower shield (worn)
 j - a +2 helmet (worn)
 p - a +5 plate armour (worn)
 u - +0 fire dragon scales
Jewellery
 c - a +6 ring of dexterity
 e - an amulet of regeneration (around neck)
 i - a ring of poison resistance (left hand)
 k - a ring of see invisible (right hand)
Scrolls
 l - a scroll of identify
 n - 4 scrolls of teleportation
Potions
 a - 2 potions of cancellation
 b - 2 potions of resistance
 g - 3 potions of curing
 o - a potion of berserk rage {unknown}
 r - a potion of haste {unknown}
 t - a potion of mutation {unknown}

Dungeon Overview and Level Annotations

Branches:
Dungeon (10/15)            Temple (0/1) D:5            Lair (1/5) D:10
    Orc (0/2) D:9

Altars:
Dithmenos
Hepliaklqana

Shops:
D:7 **


Message History

You feel sick. You block the wolf's attack.
The wolf bites you but does no damage. You block the wolf's attack.
The wolf completely misses you. The wolf bites you but does no damage.
The wolf bites you. The wolf bites you but does no damage. The wolf bites you!
The wolf bites you but does no damage. x2
8765 ||| READING 5 scrolls of teleportation.
As you read the scroll of teleportation, it crumbles to dust.
You feel strangely unstable.
You feel sick. The wolf bites you. The wolf bites you but does no damage.
You block the wolf's attack. x2; The wolf barely misses you.
You block the wolf's attack. The wolf bites you but does no damage.
8766 ||| DRINKING potion of heal wounds.
You feel much better.
You feel sick. You block the wolf's attack. x2
The wolf bites you but does no damage. The wolf bites you.
The wolf bites you but does no damage. x4
You miss the wolf.
The wolf is almost dead.
You hit the wolf. You hit the wolf but do no damage. You slash the wolf!
You closely miss the wolf.
Your surroundings suddenly seem different. 4 electric eels and 2 lava snakes come into view.
Found a scroll of identify.
You feel sick.
You are no longer poisoned.
The lava snake hisses angrily. x2
The lava snake spits lava at you. The glob of lava misses you.
The glob of lava hits the electric eel!
The electric eel dies!
You hear a splash.
The lava snake spits lava at you. The glob of lava hits you!
Your icy defenses dissipate!
You partially resist.
The electric eel shoots out a bolt of lightning at you!
The bolt of electricity hits you!
The electric eel shoots out a bolt of lightning at you!
The bolt of electricity hits you.
The electric eel shoots out a bolt of lightning at you!
The bolt of electricity hits you!
You die...

#######
##~~~S~~~ #
##~~..~~~~ ~~~
##~~~......
.~~~#~S........
...~~~~¤...¤¤
..~~.S.@..S¤
¤~....?..~¤#
~..¤¤..~~~##
~¤¤¤.S.~¤##
¤¤~~~~##
#######


You could see 2 lava snakes and 3 electric eels.

Vanquished Creatures
  A boulder beetle (Lair:1)
  A deep elf pyromancer (D:8)
  A smoke demon (D:10)
  Joseph (D:7)
  2 cane toads (Lair:1)
  Psyche (D:8)
  A komodo dragon (Lair:1)
  An efreet (D:10)
  3 trolls
  Grinder (D:3)
  2 shadows
  A wraith (D:10)
  13 yaks
  3 fire bats (D:10)
  Eustachio (D:6)
  A fire elemental (D:10)
  An acid dragon (D:10)
  5 water moccasins
  2 ice beasts
  A sky beast (D:8)
  5 orc warriors
  A black bear (D:5)
  5 ogres
  4 centaurs
  5 kobold brigands
  A bullfrog (D:9)
  6 necrophages
  5 gnoll sergeants
  A scorpion (D:6)
  13 wights
  17 killer bees
  An electric eel (D:9)
  2 jellies
  A gnoll bouda (D:5)
  4 hounds
  4 orc priests
  Natasha (thrice) (D:3)
  Jessica (D:2)
  7 orc wizards
  Ijyb (D:3)
  2 iguanas
  4 adders
  24 gnolls
  A white imp (D:7)
  2 ufetubi
  2 worms
  20 orcs
  4 ball pythons
  7 endoplasms
  6 giant cockroaches
  9 goblins
  5 hobgoblins
  3 jackals (D:5)
  6 quokkas
  5 bats
  A frilled lizard (D:3)
  19 kobolds
  4 rats
254 creatures vanquished.

Vanquished Creatures (others)
  An electric eel (Lair:1)
1 creature vanquished.

Grand Total: 255 creatures vanquished

Notes
Turn   | Place    | Note
-------+----------+-------------------------------------------
     0 | D:1      | qw the Demonspawn Cinder Acolyte began the quest for the
                  | Orb.
     0 | D:1      | Reached XP level 1. HP: 18/18 MP: 2/2
     0 | D:1      | 0 ||| qw: Version: 0.1-a-113-g051387a
     0 | D:1      | 0 ||| qw: Game counter: 7193
     0 | D:1      | 0 ||| qw: Always use a shield: true
     0 | D:1      | 0 ||| qw: God list: Okawaru
     0 | D:1      | 0 ||| qw: Allow faded altars: false
     0 | D:1      | 0 ||| qw: Do Orc after D:15 true
     0 | D:1      | 0 ||| qw: Do second Lair branch before Depths: true
     0 | D:1      | 0 ||| qw: Lair rune preference: random
     0 | D:1      | 0 ||| qw: Plans: Normal
     0 | D:1      | 0 ||| PLANNING D:1-11
    21 | D:1      | 21 ||| Stepping ~*~*~tactically~*~*~ (stealth).
   122 | D:1      | Reached skill level 3 in Axes
   290 | D:1      | 290 ||| INVOKING Fiery Armour.
   291 | D:1      | HP: 3/18 [hobgoblin (3)]
   300 | D:1      | Gained mutation: You are partially covered in icy blue
                  | scales. (AC +2) [demonic ancestry]
   300 | D:1      | Reached XP level 2. HP: 5/24 MP: 3/3
   710 | D:1      | 710 ||| Stepping ~*~*~tactically~*~*~ (stealth).
   721 | D:1      | Found a faded altar of an unknown god.
  1348 | D:1      | 1348 ||| UPGRADING to +0 pair of boots.
  1353 | D:1      | 1353 ||| UPGRADING to +0 leather armour.
  1363 | D:1      | 1363 ||| DROPPING +0 robe.
  1364 | D:1      | 1364 ||| UPGRADING to amulet of regeneration.
  1369 | D:1      | 1369 ||| UPGRADING to ring of poison resistance.
  1370 | D:1      | 1370 ||| READING scroll labelled MIUTEK BET KITOST.
  1371 | D:1      | 1371 ||| DRINKING 2 bubbling white potions.
  1372 | D:1      | 1372 ||| DROPPING potion of flight.
  1481 | D:2      | Reached XP level 3. HP: 29/29 MP: 4/4
  1519 | D:2      | 1519 ||| Stepping ~*~*~tactically~*~*~ (stealth).
  1528 | D:2      | 1528 ||| Stepping ~*~*~tactically~*~*~ (stealth).
  1624 | D:2      | Noticed Jessica
  1648 | D:2      | Killed Jessica
  1649 | D:2      | Reached skill level 1 in Dodging
  1954 | D:2      | Reached XP level 4. HP: 35/35 MP: 5/5
  2108 | D:2      | 2108 ||| UPGRADING to +0 ring mail.
  2118 | D:2      | 2118 ||| DROPPING +0 leather armour.
  2119 | D:2      | 2119 ||| UPGRADING to +2 helmet.
  2124 | D:2      | 2124 ||| READING 2 scrolls labelled KIFAFI KUTOE.
  2125 | D:2      | 2125 ||| DROPPING scroll of blinking.
  2195 | D:3      | Noticed Natasha
  2196 | D:3      | 2196 ||| Stepping ~*~*~tactically~*~*~ (hiding).
  2208 | D:3      | Killed Natasha
  2209 | D:3      | Reached skill level 1 in Armour
  2396 | D:3      | Noticed Ijyb
  2397 | D:3      | 2397 ||| Stepping ~*~*~tactically~*~*~ (hiding).
  2406 | D:3      | Noticed Natasha
  2407 | D:3      | 2407 ||| INVOKING Fiery Armour.
  2409 | D:3      | Killed Natasha
  2410 | D:3      | Gained mutation: A meltable shield of frost defends you.
                  | (SH +0) [demonic ancestry]
  2410 | D:3      | Reached XP level 5. HP: 18/41 MP: 6/6
  2413 | D:3      | Killed Ijyb
  2552 | D:3      | Noticed Natasha
  2558 | D:3      | Killed Natasha
  2719 | D:3      | Noticed Grinder
  2738 | D:3      | Killed Grinder
  2739 | D:3      | Reached skill level 6 in Axes
  2739 | D:3      | Reached XP level 6. HP: 44/47 MP: 7/7
  2772 | D:3      | 2772 ||| UPGRADING to +0 scale mail.
  2782 | D:3      | 2782 ||| DROPPING +0 ring mail.
  2783 | D:3      | 2783 ||| READING scroll labelled AXODUM GATOM.
  2784 | D:3      | 2784 ||| READING scroll labelled XIOJAT CUBENUMN.
  2785 | D:3      | 2785 ||| READING scroll labelled VAT LAWINEPRA.
  2874 | D:4      | 2874 ||| Stepping ~*~*~tactically~*~*~ (stealth).
  2876 | D:4      | 2876 ||| Stepping ~*~*~tactically~*~*~ (stealth).
  2945 | D:4      | 2945 ||| INVOKING Fiery Armour.
  2947 | D:4      | Reached XP level 7. HP: 28/54 MP: 8/8
  3294 | D:4      | 3294 ||| UPGRADING to ring of see invisible.
  3295 | D:4      | 3295 ||| READING 3 scrolls labelled COPAR PUEWK.
  3296 | D:4      | 3296 ||| READING scroll labelled ESOOGY ULEUDE.
  3300 | D:4      | 3300 ||| DROPPING 2 scrolls of poison.
  3337 | D:5      | Entered Level 5 of the Dungeon
  3484 | D:5      | Reached skill level 1 in Throwing
  3508 | D:5      | 3508 ||| Stepping ~*~*~tactically~*~*~ (hiding).
  3534 | D:5      | 3534 ||| INVOKING Fiery Armour.
  3558 | D:5      | Gained mutation: You have a small tail. [demonic ancestry]
  3558 | D:5      | Reached XP level 8. HP: 56/60 MP: 9/9
  3588 | D:5      | Found a hazy altar of Hepliaklqana.
  3606 | D:5      | 3606 ||| READING scroll of enchant armour.
  3606 | D:5      | 3606 ||| ENCHANTING +0 pair of boots.
  3611 | D:5      | Found a staircase to the Ecumenical Temple.
  3706 | D:5      | 3706 ||| FLEEEEING.
  3712 | D:5      | 3712 ||| FLEEEEING.
  3862 | D:5      | 3862 ||| Stepping ~*~*~tactically~*~*~ (stealth).
  3905 | D:5      | 3905 ||| INVOKING Fiery Armour.
  4181 | D:5      | 4181 ||| UPGRADING to +2 pair of boots.
  4191 | D:5      | 4191 ||| DROPPING +1 pair of boots.
  4192 | D:5      | 4192 ||| READING scroll labelled RIS MADGHODORR.
  4643 | D:6      | Noticed Eustachio
  4649 | D:6      | 4649 ||| INVOKING Fiery Armour.
  4652 | D:6      | 4652 ||| Stepping ~*~*~tactically~*~*~ (stealth).
  4671 | D:6      | Killed Eustachio
  4672 | D:6      | Reached skill level 9 in Axes
  4715 | D:6      | 4715 ||| Stepping ~*~*~tactically~*~*~ (stealth).
  4722 | D:6      | 4722 ||| Stepping ~*~*~tactically~*~*~ (stealth).
  4728 | D:6      | 4728 ||| Stepping ~*~*~tactically~*~*~ (stealth).
  4754 | D:6      | 4754 ||| Stepping ~*~*~tactically~*~*~ (stealth).
  4755 | D:6      | 4755 ||| Stepping ~*~*~tactically~*~*~ (stealth).
  4830 | D:6      | 4830 ||| UPGRADING to +0 plate armour.
  4840 | D:6      | 4840 ||| DROPPING +0 scale mail.
  4841 | D:6      | 4841 ||| READING 4 scrolls of enchant armour.
  4841 | D:6      | 4841 ||| ENCHANTING +0 plate armour.
  4842 | D:6      | 4842 ||| READING 3 scrolls of enchant armour.
  4842 | D:6      | 4842 ||| ENCHANTING +1 plate armour.
  4843 | D:6      | 4843 ||| READING 2 scrolls of enchant armour.
  4843 | D:6      | 4843 ||| ENCHANTING +2 plate armour.
  4844 | D:6      | 4844 ||| READING scroll of enchant armour.
  4844 | D:6      | 4844 ||| ENCHANTING +3 plate armour.
  4845 | D:6      | 4845 ||| READING scroll labelled NUEDEE LATOF.
  4846 | D:6      | 4846 ||| READING 4 scrolls of identify.
  4846 | D:6      | 4846 ||| IDENTIFYING sedimented amethyst potion
  4847 | D:6      | 4847 ||| READING 3 scrolls of identify.
  4847 | D:6      | 4847 ||| IDENTIFYING white potion
  4848 | D:6      | 4848 ||| READING 2 scrolls of identify.
  4848 | D:6      | 4848 ||| IDENTIFYING fizzy orange potion
  4849 | D:6      | 4849 ||| DROPPING potion of lignification.
  4895 | D:7      | Noticed Joseph
  4897 | D:7      | 4897 ||| Stepping ~*~*~tactically~*~*~ (hiding).
  4899 | D:7      | Paralysed by Joseph for 3 turns
  4912 | D:7      | 4912 ||| INVOKING Fiery Armour.
  4916 | D:7      | Killed Joseph
  4917 | D:7      | Gained mutation: You are mostly covered in icy blue scales.
                  | (AC +3) [demonic ancestry]
  4917 | D:7      | Reached XP level 9. HP: 25/68 MP: 10/10
  5003 | D:7      | Reached skill level 6 in Fighting
  5325 | D:7      | 5325 ||| Stepping ~*~*~tactically~*~*~ (stealth).
  5675 | D:7      | 5675 ||| Stepping ~*~*~tactically~*~*~ (stealth).
  5726 | D:7      | 5726 ||| SWAPPING to +0 war axe.
  5879 | D:7      | Found Rikum's Specific Store.
  5880 | D:7      | Found Yjylol's General Store.
  5890 | D:7      | 5890 ||| SHOPLISTING +0 fire dragon scales (780 gold, have
                  | 318).
  5890 | D:7      | 5890 ||| BUYING +0 tower shield (58 gold).
  5890 | D:7      | Bought a +0 tower shield for 58 gold pieces
  5890 | D:7      | 5890 ||| BUYING potion of cancellation (104 gold).
  5890 | D:7      | Bought a potion of cancellation for 104 gold pieces
  5890 | D:7      | 5890 ||| BUYING potion of resistance (130 gold).
  5890 | D:7      | Bought a potion of resistance for 130 gold pieces
  5924 | D:7      | 5924 ||| UPGRADING to +0 tower shield.
  5929 | D:7      | 5929 ||| DRINKING 2 sedimented cyan potions.
  5977 | D:8      | Reached skill level 1 in Shields
  6006 | D:8      | Reached skill level 2 in Shields
  6034 | D:8      | 6034 ||| Stepping ~*~*~tactically~*~*~ (stealth).
  6044 | D:8      | 6044 ||| Stepping ~*~*~tactically~*~*~ (stealth).
  6057 | D:8      | 6057 ||| READING scroll of enchant weapon.
  6057 | D:8      | 6057 ||| ENCHANTING +0 war axe.
  6067 | D:8      | 6067 ||| Stepping ~*~*~tactically~*~*~ (stealth).
  6071 | D:8      | Reached skill level 3 in Shields
  6071 | D:8      | 6071 ||| Stepping ~*~*~tactically~*~*~ (stealth).
  6072 | D:8      | 6072 ||| Stepping ~*~*~tactically~*~*~ (stealth).
  6195 | D:8      | Noticed a deep elf pyromancer
  6214 | D:8      | Killed a deep elf pyromancer
  6215 | D:8      | Reached skill level 4 in Shields
  6215 | D:8      | Reached XP level 10. HP: 45/76 MP: 11/11
  6318 | D:8      | 6318 ||| Stepping ~*~*~tactically~*~*~ (hiding).
  6324 | D:8      | Reached skill level 5 in Shields
  6486 | D:8      | 6486 ||| Stepping ~*~*~tactically~*~*~ (hiding).
  6583 | D:8      | 6583 ||| Stepping ~*~*~tactically~*~*~ (hiding).
  6616 | D:8      | 6616 ||| READING scroll of enchant armour.
  6616 | D:8      | 6616 ||| ENCHANTING +4 plate armour.
  6742 | D:8      | Noticed Psyche
  6759 | D:8      | Killed Psyche
  6760 | D:8      | Reached skill level 6 in Shields
  6822 | D:8      | 6822 ||| READING scroll labelled VASMEQ GUELISCH.
  6822 | D:8      | Identified a scroll of acquirement
  6822 | D:8      | 6822 ||| ACQUIRING +1 pair of boots of Pathos {Regen+ MP+9}
  6822 | D:8      | Acquired the +1 pair of boots of Pathos {Regen+ MP+9}
  6824 | D:8      | 6824 ||| UPGRADING to +1 pair of boots of Pathos {Regen+
                  | MP+9}.
  6834 | D:8      | 6834 ||| DROPPING +2 pair of boots.
  6887 | D:8      | 6887 ||| READING 3 scrolls of identify.
  6887 | D:8      | 6887 ||| IDENTIFYING fuming clear potion
  6888 | D:8      | 6888 ||| READING 2 scrolls of identify.
  6888 | D:8      | 6888 ||| IDENTIFYING purple potion
  6889 | D:8      | 6889 ||| DROPPING potion of degeneration.
  6910 | D:9      | 6910 ||| INVOKING Fiery Armour.
  6914 | D:9      | 6914 ||| DRINKING 2 potions of curing.
  6914 | D:9      | 6914 ||| (to cure confusion)
  6939 | D:9      | 6939 ||| FLEEEEING.
  6940 | D:9      | 6940 ||| FLEEEEING.
  7004 | D:9      | 7004 ||| Stepping ~*~*~tactically~*~*~ (stealth).
  7009 | D:9      | Reached skill level 7 in Shields
  7042 | D:9      | 7042 ||| Stepping ~*~*~tactically~*~*~ (hiding).
  7073 | D:9      | 7073 ||| Stepping ~*~*~tactically~*~*~ (hiding).
  7093 | D:9      | 7093 ||| INVOKING Fiery Armour.
  7095 | D:9      | Found a staircase to the Orcish Mines.
  7105 | D:9      | 7105 ||| Stepping ~*~*~tactically~*~*~ (hiding).
  7109 | D:9      | Reached skill level 8 in Shields
  7169 | D:9      | 7169 ||| Stepping ~*~*~tactically~*~*~ (hiding).
  7177 | D:9      | 7177 ||| Stepping ~*~*~tactically~*~*~ (stealth).
  7324 | D:9      | 7324 ||| Stepping ~*~*~tactically~*~*~ (stealth).
  7327 | D:9      | 7327 ||| Stepping ~*~*~tactically~*~*~ (stealth).
  7329 | D:9      | 7329 ||| INVOKING Fiery Armour.
  7330 | D:9      | 7330 ||| Stepping ~*~*~tactically~*~*~ (stealth).
  7348 | D:9      | Reached skill level 9 in Shields
  7376 | D:9      | Gained mutation: A meltable icy envelope protects you from
                  | harm. (AC +0) [demonic ancestry]
  7376 | D:9      | Reached XP level 11. HP: 69/81 MP: 12/12
  7409 | D:9      | 7409 ||| Stepping ~*~*~tactically~*~*~ (stealth).
  7411 | D:9      | 7411 ||| Stepping ~*~*~tactically~*~*~ (hiding).
  7417 | D:9      | 7417 ||| INVOKING Fiery Armour.
  7621 | D:9      | Reached skill level 10 in Shields
  7683 | D:9      | 7683 ||| READING scroll labelled VATUS IFEIBOEB.
  7701 | D:10     | Entered Level 10 of the Dungeon
  7723 | D:10     | 7723 ||| Stepping ~*~*~tactically~*~*~ (hiding).
  7835 | D:10     | 7835 ||| Stepping ~*~*~tactically~*~*~ (stealth).
  7846 | D:10     | 7846 ||| Stepping ~*~*~tactically~*~*~ (stealth).
  7850 | D:10     | 7850 ||| Stepping ~*~*~tactically~*~*~ (stealth).
  7857 | D:10     | 7857 ||| INVOKING Fiery Armour.
  7925 | D:10     | Reached skill level 11 in Shields
  7947 | D:10     | Found a staircase to the Lair.
  7949 | D:10     | 7949 ||| Stepping ~*~*~tactically~*~*~ (stealth).
  8202 | D:10     | Found a shadowy altar of Dithmenos.
  8506 | D:10     | 8506 ||| PLANNING LAIR
  8506 | D:10     | 8506 ||| READING 2 scrolls of identify.
  8506 | D:10     | 8506 ||| IDENTIFYING golden potion
  8507 | D:10     | 8507 ||| DROPPING potion of magic.
  8540 | Lair:1   | Entered Level 1 of the Lair of Beasts
  8600 | Lair:1   | Noticed a boulder beetle
  8601 | Lair:1   | 8601 ||| INVOKING Fiery Armour.
  8691 | Lair:1   | Killed a boulder beetle
  8764 | Lair:1   | HP: 19/84 [wolf (7)]
  8765 | Lair:1   | 8765 ||| READING 5 scrolls of teleportation.
  8766 | Lair:1   | 8766 ||| DRINKING potion of heal wounds.
  8767 | Lair:1   | HP: 8/84 [electric eel/bolt of electricity (2)]
  8767 | Lair:1   | Killed from afar by an electric eel

Levels and vault maps discovered:
D:1:      dpeg_arrival_round_b, layout_loops_ring,
          hellmonk_ecumenical_altar_blasted, chequers_decorated_corner,
          st_stairs_14, nrook_campfire, dk_noncrumbling_3
D:2:      layout_loops_cross, uniq_jessica
D:3:      layout_loops_cross, kennysheep_decorative_pillar, uniq_grinder,
          uniq_ijyb, uniq_natasha
D:4:      layout_rooms, gammafunk_temple_overflow_wave
D:5:      layout_loops_ring, mainiacjoe_overflow_paths,
          minmay_temple_entry_statues_pillars
D:6:      layout_basic, mrwooster_statue_mirror, uniq_eustachio
D:7:      layout_basic, nicolae_water_bricks, nicolae_specific_store,
          uniq_joseph
D:8:      layout_basic, minmay_small_thing, uniq_psyche
D:9:      layout_rooms, kennysheep_orc_monster_closet_entryway, minivault_4
D:10:     minmay_firetagon, layout_basic, nicolae_dithmenos_shadow_blocks,
          lair_entry_dummy, minmay_crystal_room
Lair:1:   layout_regular_city, enter_volcano_2, st_stairs_11,
          nicolae_lair_liquid_snakes, lemuel_fruit_tree

Skill      XL: |  1  2  3  4  5  6  7  8  9 10 11 |
---------------+----------------------------------+-----
Axes           | 3 4 6 7 9 10 | 10.8
Dodging        | 1 |  1.5
Armour         | 1 2 4 5 |  5.0
Fighting       | 4 5 6 7 |  7.1
Throwing       | 1 |  1.8
Shields        | 4 9 11 | 11.0
Spellcasting   | |  1.0
Fire Magic     | |  2.6

Action                   |  1- 3 |  4- 6 |  7- 9 | 10-12 || total
-------------------------+-------+-------+-------+-------++-------
Melee: Hand axe          |   112 |   102 |   407 |       ||   621
       Punch             |       |     1 |     4 |       ||     5
       Tailslap          |       |       |    43 |    76 ||   119
       War axe           |       |       |    76 |   501 ||   577
Throw: Boomerang         |    10 |    29 |    17 |    35 ||    91
Invok: Fiery Armour      |     1 |     2 |     4 |     6 ||    13
  Use: Scroll            |     1 |     4 |    13 |     7 ||    25
       Potion            |     1 |       |     1 |     2 ||     4
Armor: Robe              |    15 |       |       |       ||    15
       Leather armour    |    20 |       |       |       ||    20
       Ring mail         |       |    39 |       |       ||    39
       Scale mail        |       |     8 |   110 |       ||   118
       Plate armour      |       |       |   186 |   363 ||   549
Dodge: Dodged            |    48 |    37 |   130 |    64 ||   279
Block: Other             |       |     6 |    83 |       ||    89
       Tower shield      |       |       |    68 |   549 ||   617

Table legend:
 A = Non-vault XP
 B = Vault XP
 C = Vault XP percentage of total XP
 D = Non-vault monster count
 E = Vault monster count
 F = Vault count percentage of total count
                 A         B        C        D         E       F
            +---------+---------+-------+---------+---------+-------
      Total |   13042 |    5048 |  27.9 |     219 |      35 |  13.8
            +---------+---------+-------+---------+---------+-------
        D:1 |      31 |       2 |   6.1 |      18 |       1 |   5.3
        D:2 |      27 |      37 |  57.8 |      14 |       1 |   6.7
        D:3 |     114 |     365 |  76.2 |      20 |       3 |  13.0
        D:4 |     366 |       0 |   0.0 |      16 |       0 |   0.0
        D:5 |     867 |       0 |   0.0 |      23 |       0 |   0.0
        D:6 |     642 |     185 |  22.4 |      17 |       1 |   5.6
        D:7 |    1376 |     419 |  23.3 |      22 |       1 |   4.3
        D:8 |    1715 |     965 |  36.0 |      30 |       2 |   6.2
        D:9 |    3493 |    1476 |  29.7 |      40 |      20 |  33.3
       D:10 |    2232 |    1599 |  41.7 |      14 |       6 |  30.0
     Lair:1 |    2179 |       0 |   0.0 |       5 |       0 |   0.0
            +---------+---------+-------+---------+---------+-------
